 Dungeon Crawl Stone Soup version 0.31.0-11-ge490571c62 (webtiles) character file.

Game seed: 267451684851439555

12698 mopl the Cleaver (level 11, 0/86 HPs)
             Began as a Demonspawn Fighter on Jan 29, 2024.
             Was an Elder of Makhleb.
             Slain by a wyvern (11 damage)
             ... on level 1 of the Lair of Beasts.
             The game lasted 00:13:37 (8421 turns).

mopl the Cleaver (Demonspawn Fighter)               Turns: 8421, Time: 00:13:38

Health: 0/86       AC: 18    Str: 22    XL:     11   Next: 65%
Magic:  17/17      EV: 10    Int:  8    God:    Makhleb [****..]
Gold:   95         SH:  4    Dex: 12    Spells: 10/10 levels left

rFire   . . .        b - +2 spear (venom)
rCold   + + .        c - +0 buckler
rNeg    . . .        U - +1 chain mail {rC+}
rPois   .            (no helmet)
rElec   .            x - +1 cloak {rCorr}
rCorr   +            G - +0 pair of gloves
SInv    .            (no boots)
Will    .....        C - amulet of regeneration Stlth
                     u - ring of protection from cold
HPRegen 1.14/turn    (no ring)
MPRegen 0.15/turn

%: no passive effects
@: no status effects
A: hooves 1, thin metallic scales 2, ignite blood 1, spiny 1
a: Renounce Religion, Minor Destruction, Lesser Servant of Makhleb, Major
Destruction


You were on level 1 of the Lair of Beasts.
You worshipped Makhleb.
Makhleb was greatly pleased with you.
You visited 2 branches of the dungeon, and saw 11 of its levels.

You collected 433 gold pieces.
You spent 338 gold pieces at shops.

Inventory:

Hand Weapons
 a - a +3 war axe
 b - a +2 spear of venom (weapon)
 f - a +4 whip
 z - a +2 trident of venom
Missiles
 H - 5 throwing nets (quivered)
 K - 6 poisoned darts
 N - 5 boomerangs
 Q - 3 darts of dispersal
Armour
 c - a +0 buckler (worn)
 x - a +1 cloak of preservation (worn)
 E - a +2 leather armour of fire resistance
 G - a +0 pair of gloves (worn)
 U - a +1 chain mail of cold resistance (worn)
Jewellery
 u - a ring of protection from cold (left hand)
 C - an amulet of regeneration (around neck)
 L - a ring of ice
Wands
 w - a wand of flame (15)
 B - a wand of mindburst (20)
 D - a wand of polymorph (8)
 M - a wand of light (5)
 R - a wand of iceblast (5)
 V - a wand of paralysis (3)
Scrolls
 g - 7 scrolls of identify {unknown}
 h - 3 scrolls of vulnerability {unknown}
 j - 4 scrolls of teleportation {unknown}
 q - 2 scrolls of fear {unknown}
 r - a scroll of noise {unknown}
 s - 2 scrolls of revelation {unknown}
 t - 2 scrolls of fog {unknown}
 v - a scroll of enchant weapon {unknown}
 y - a scroll of amnesia {unknown}
 A - 2 scrolls of blinking {unknown}
 J - a scroll of poison {unknown}
 P - a scroll of butterflies {unknown}
 T - a scroll of immolation {unknown}
Potions
 d - 5 potions of might
 e - 7 potions of curing
 i - a potion of invisibility {unknown}
 k - 3 potions of haste
 l - 2 potions of resistance {unknown}
 m - 2 potions of brilliance {unknown}
 n - 2 potions of berserk rage {unknown}
 o - a potion of heal wounds {unknown}
 p - 2 potions of lignification {unknown}
 F - 2 potions of magic {unknown}
 I - 2 potions of enlightenment
 O - a potion of cancellation {unknown}
 S - 2 potions of mutation


   Skills:
 + Level 8.0 Fighting
 * Level 9.7 Axes
 + Level 4.3 Throwing
 + Level 7.3 Armour
 + Level 6.4 Dodging
 - Level 2.6 Shields
 + Level 8.4 Invocations
 + Level 4.5 Evocations


You had 10 spell levels left.
You didn't know any spells.
Your spell library contained the following spells:

 Spells                   Type           Power      Damage    Failure   Level
 Magic Dart               Conj           0%         1d3       96%         1
 Blink                    Tloc           0%         N/A       99%         2
 Call Imp                 Summ           0%         N/A       99%         2
 Sublimation of Blood     Necr           0%         N/A       99%         2
 Leda's Liquefaction      Alch/Erth      0%         N/A       100%        4
 Lee's Rapid Deconstruct  Erth           0%         3d4*      100%        5
 Bombard                  Conj/Erth      0%         9d1       100%        6
 Summon Hydra             Summ           0%         N/A       100%        7


Dungeon Overview and Level Annotations

Branches:
Dungeon (10/15)            Temple (0/1) D:7            Lair (1/5) D:10
    Orc (0/2) D:9

Altars:
Dithmenos
Makhleb
Qazlal
Trog
Xom

Shops:
D:1 :   D:5 *   D:8 :(

Annotations:
D:4 dig


Innate Abilities, Weirdness & Mutations

You have large cloven feet.
You are mostly covered in thin metallic scales. (AC +3)
Your demonic aura sometimes causes spilled blood to erupt in flames.
You are partially covered in sharp spines.


Message History

Unknown command.
You are too injured to fight recklessly!
Unknown command.
You are too injured to fight recklessly!
You miss the black mamba. Your kick misses the black mamba.
The black mamba is heavily wounded.
You feel extremely sick.
The black mamba bites you but does no damage.
The wyvern bites you!
* * * LOW HITPOINT WARNING * * *
Unknown command.
You hit the wyvern.
The wyvern is poisoned.
You kick the wyvern, but do no damage.
The wyvern is moderately wounded.
* * * LOW HITPOINT WARNING * * *
You feel very sick. The black mamba closely misses you.
The wyvern closely misses you. The black mamba barely misses you.
You feel better.
The wyvern bites you but does no damage.
The black mamba bites you!
* * * LOW HITPOINT WARNING * * *
The black mamba barely misses you. The wyvern is struck by your spines.
The wyvern bites you!
* * * LOW HITPOINT WARNING * * *
Aiming: Bolt of Light
Press: ? - help, Shift-Dir - straight line, f - polar bear
Aim: a polar bear (81% to hit)
The bolt of light misses the black mamba.
The bolt of light misses the polar bear.
The black mamba bites you but does no damage.
You block the wyvern's attack.
Unknown command.
You hit the wyvern.
The wyvern looks as sick as possible!
Your kick misses the wyvern.
The wyvern is severely wounded.
The black mamba is struck by your spines.
The black mamba bites you but does no damage.
The wyvern bites you!
You die...

## ##...# ... #.(....
##... ....... #....
....... .......##
#........... ........##
#.#........ .........##
###..#.......
..........###P.k#S.......
................@#.......
.................##......
..[.............## #....#
................# #..##
....<.....###.### ###
####P###### ### ###


You could see a black mamba and a wyvern (extremely poisoned).

Vanquished Creatures
  A two-headed ogre (D:10)
  3 death yaks (D:10)
  Pikel (D:7)
  2 orc knights
  A manticore (D:8)
  Maurice (D:9)
  Maggie (D:7)
  A gargoyle (D:10)
  A troll (D:10)
  A hornet (D:9)
  Sigmund (D:6)
  A wyvern (D:8)
  15 yaks
  4 steam dragons
  2 acid dragons
  A water moccasin (D:6)
  Duvessa (D:5)
  A black bear (D:7)
  7 orc warriors
  An ice beast (D:5)
  3 ogres
  A centaur (D:9)
  2 lemures
  A kobold brigand (D:7)
  Blork the orc (D:4)
  A bullfrog (D:8)
  A gnoll sergeant (D:6)
  2 scorpions
  9 wights
  Dowan (D:6)
  15 killer bees
  2 howler monkeys
  2 bombardier beetles
  3 jellies
  Crazy Yiuf (D:3)
  5 orc priests
  A gnoll bouda (D:8)
  2 hounds (D:5)
  4 iguanas
  4 sleepcaps
  7 orc wizards
  8 gnolls
  6 adders
  2 white imps
  2 ufetubi (D:6)
  A dart slug (D:1)
  2 ribbon worms (D:4)
  31 orcs
  10 ball pythons
  12 endoplasms
  3 giant cockroaches
  11 goblins
  8 hobgoblins
  4 quokkas
  7 bats
  3 frilled lizards
  11 kobolds
  8 rats
244 creatures vanquished.

Notes
Turn   | Place    | Note
-------+----------+-------------------------------------------
     0 | D:1      | mopl the Demonspawn Fighter began the quest for the Orb.
     0 | D:1      | Reached XP level 1. HP: 18/18 MP: 1/1
    51 | D:1      | Reached skill level 2 in Axes
    57 | D:1      | Gained mutation: You are partially covered in thin metallic
                  | scales. (AC +2) [demonic ancestry]
    57 | D:1      | Reached XP level 2. HP: 24/24 MP: 2/2
   279 | D:1      | Reached XP level 3. HP: 29/29 MP: 3/3
   279 | D:1      | Found Xejais's Book Emporium.
   680 | D:2      | Reached skill level 1 in Dodging
   782 | D:2      | Found a shimmering altar of Xom.
  1509 | D:3      | Gained mutation: You are mostly covered in thin metallic
                  | scales. (AC +3) [demonic ancestry]
  1509 | D:3      | Reached XP level 4. HP: 35/35 MP: 4/4
  1652 | D:3      | Found a shadowy altar of Dithmenos.
  2030 | D:3      | Found a runed translucent door.
  2031 | D:3      | Noticed Crazy Yiuf
  2040 | D:3      | Killed Crazy Yiuf
  2041 | D:3      | Reached skill level 3 in Axes
  2342 | D:4      | Reached XP level 5. HP: 30/42 MP: 5/5
  2497 | D:4      | Noticed Blork the orc
  2507 | D:4      | Killed Blork the orc
  2624 | D:4      | Reached XP level 6. HP: 48/48 MP: 6/6
  2684 | D:4      | Found a burning altar of Makhleb.
  2715 | D:4      | Reached skill level 4 in Axes
  2724 | D:4      | Became a worshipper of Makhleb the Destroyer
  2838 | D:4      | Noticed a moth of wrath
  2840 | D:4      | Found a bloodstained altar of Trog.
  2989 | D:5      | Entered Level 5 of the Dungeon
  3047 | D:5      | Noticed an ice beast
  3216 | D:5      | Found Apsatadi's General Store.
  3219 | D:5      | Reached skill level 1 in Invocations
  3226 | D:5      | Bought a potion of curing for 39 gold pieces
  3286 | D:5      | Gained mutation: You have large cloven feet. [demonic
                  | ancestry]
  3286 | D:5      | Reached XP level 7. HP: 51/55 MP: 6/8
  3674 | D:5      | Reached skill level 5 in Axes
  3676 | D:5      | Reached * piety under Makhleb
  4235 | D:6      | Noticed Dowan
  4244 | D:6      | Killed Dowan
  4246 | D:6      | Noticed Sigmund
  4247 | D:6      | Noticed Duvessa
  4259 | D:5      | Killed Duvessa
  4260 | D:5      | Reached skill level 5 in Fighting
  4260 | D:5      | Gained mutation: Your demonic aura sometimes causes spilled
                  | blood to erupt in flames. [demonic ancestry]
  4260 | D:5      | Reached XP level 8. HP: 36/62 MP: 10/10
  4380 | D:6      | Killed Sigmund
  4519 | D:6      | Found a stormy altar of Qazlal.
  4656 | D:6      | Reached skill level 6 in Axes
  4691 | D:6      | Reached skill level 5 in Armour
  5070 | D:7      | Noticed Pikel
  5084 | D:7      | Killed Pikel
  5085 | D:7      | Reached skill level 7 in Axes
  5085 | D:7      | Reached skill level 5 in Invocations
  5085 | D:7      | Gained mutation: You are partially covered in sharp spines.
                  | [demonic ancestry]
  5085 | D:7      | Reached XP level 9. HP: 69/69 MP: 12/12
  5105 | D:7      | Reached ** piety under Makhleb
  5288 | D:7      | Noticed Maggie
  5303 | D:7      | Killed Maggie
  5322 | D:7      | Reached skill level 1 in Throwing
  5322 | D:7      | Reached skill level 1 in Evocations
  5353 | D:7      | Found a staircase to the Ecumenical Temple.
  5603 | D:8      | Noticed a manticore
  5610 | D:8      | Found Leewno's Weapon Emporium.
  5620 | D:8      | Killed a manticore
  5621 | D:8      | Reached skill level 5 in Dodging
  5667 | D:8      | Reached XP level 10. HP: 46/77 MP: 14/14
  5918 | D:8      | Reached skill level 8 in Axes
  6043 | D:8      | Found Ikaid's Tiny Tomes.
  6545 | D:9      | Noticed Maurice
  6560 | D:9      | Killed Maurice
  6862 | D:9      | Found a staircase to the Orcish Mines.
  7170 | D:5      | Bought a potion of enlightenment for 65 gold pieces
  7170 | D:5      | Bought a potion of haste for 130 gold pieces
  7170 | D:5      | Bought a potion of mutation for 104 gold pieces
  7257 | D:10     | Entered Level 10 of the Dungeon
  7264 | D:10     | Reached *** piety under Makhleb
  7285 | D:10     | Noticed a gargoyle
  7319 | D:10     | Killed a gargoyle
  7451 | D:10     | Noticed a two-headed ogre
  7461 | D:10     | Killed a two-headed ogre
  7526 | D:10     | Noticed a death yak
  7530 | D:10     | Noticed a death yak
  7535 | D:10     | Noticed a death yak
  7553 | D:10     | Killed a death yak
  7554 | D:10     | Reached skill level 9 in Axes
  7554 | D:10     | Reached XP level 11. HP: 74/84 MP: 16/16
  7561 | D:10     | Killed a death yak
  7569 | D:10     | Killed a death yak
  7617 | D:10     | Found a staircase to the Lair.
  7794 | D:10     | Noticed an orc knight
  7843 | D:9      | Killed an orc knight
  8223 | D:10     | Noticed an orc knight
  8230 | D:10     | Reached **** piety under Makhleb
  8252 | D:10     | Killed an orc knight
  8395 | Lair:1   | Entered Level 1 of the Lair of Beasts
  8421 | Lair:1   | Slain by a wyvern

Illustrated notes

Levels and vault maps discovered:
D:1:      wheals_arrival_shading, layout_rooms, serial_shops,
          nicolae_shop_tiny_statue_garden
D:2:      layout_loops_corners, basic_altar, minmay_strange_pillars
D:3:      layout_loops_cross, nicolae_dithmenos_the_darkroom,
          minmay_tree_intersection, uniq_crazy_yiuf_cottage
D:4:      layout_gridville, mainiacjoe_overflow_catwalk, tgw_trog,
          uniq_blork_the_orc
D:5:      layout_rooms, serial_shops, shop, hangedman_decor_lopped,
          nicolae_houndstooth_variations
D:6:      layout_basic, elyvilon_altar_1, grunt_qazlal_sundering, uniq_duvessa,
          uniq_sigmund
D:7:      layout_cave_pools, minmay_temple_entry_statues_fountains, uniq_pikel,
          uniq_maggie
D:8:      layout_basic, serial_shops, nicolae_shop_bloodbath_and_beyond,
          grunt_ogre_cave, nicolae_shop_i_like_small_books_too
D:9:      layout_basic, orc_0_dummy, uniq_maurice
D:10:     layout_roguey, dpeg_lair_monsters, lightli_church_of_beogh
Lair:1:   layout_gridlike, gammafunk_ghost_berserking_beasts,
          serial_bayou_pond_b, cheibrodos_lair_lostbears

Skill      XL: |  1  2  3  4  5  6  7  8  9 10 11 |
---------------+----------------------------------+-----
Axes           | 2 3 4 5 7 9 |  9.7
Armour         | 3 4 5 6 7 |  7.3
Dodging        | 1 2 3 4 5 6 |  6.4
Fighting       | 4 5 6 7 8 |  8.0
Invocations    | 1 3 5 6 7 8 |  8.4
Throwing       | 1 3 4 |  4.3
Evocations     | 1 3 4 |  4.5
Shields        | |  2.6

Action                     |  1- 3 |  4- 6 |  7- 9 | 10-12 || total
---------------------------+-------+-------+-------+-------++-------
  Melee: Whip              |   143 |     6 |       |    15 ||   164
         War axe           |     6 |       |       |       ||     6
         Spear             |       |   131 |   278 |   473 ||   882
         Kick              |       |       |    61 |   167 ||   228
  Evoke: Wand              |       |       |     5 |     1 ||     6
    Use: Potion            |       |       |       |     1 ||     1
 Armour: Scale mail        |    72 |       |       |       ||    72
         Chain mail        |     9 |    22 |       |    60 ||    91
         Plate armour      |       |    19 |   253 |   216 ||   488
  Dodge: Dodged            |    60 |    27 |    55 |   133 ||   275
  Block: Buckler           |    26 |    12 |    36 |    72 ||   146
